Warning! The script has encountered some errors when parsing the replay. Please report them to the . » details
          0x70, prev: 0x65: 19 61 65 [70] 68 E7 9A 00 00 F3 9A 00 00 12 18 00 03 00 0D 00 FF FF FF FF FF FF FF FF 00 00 20 45 00 00 00 C5 98 7E 00 00 98 7E 00 00 16 02 01 00 E7 9A 00 00 F3 9A 00 00 16 01 05 00 E7 9A 00 00 F3 9A 00 00 FD 9A 00 00 09 9B 00 00 13 9B 00 00 1F 9B 00 00 29 9B 00 00 35 9B 00 00 3F 9B 00 00 4B 9B 00 00 12 18 00 03 00 0D 00 FF FF FF FF FF FF FF FF 00 00 20 45 00 00 00 C5 98 7E 00 00 98 7E 00 00 
0xE7, prev: 0x70: 19 61 65 70 68 [E7] 9A 00 00 F3 9A 00 00 12 18 00 03 00 0D 00 FF FF FF FF FF FF FF FF 00 00 20 45 00 00 00 C5 98 7E 00 00 98 7E 00 00 16 02 01 00 E7 9A 00 00 F3 9A 00 00 16 01 05 00 E7 9A 00 00 F3 9A 00 00 FD 9A 00 00 09 9B 00 00 13 9B 00 00 1F 9B 00 00 29 9B 00 00 35 9B 00 00 3F 9B 00 00 4B 9B 00 00 12 18 00 03 00 0D 00 FF FF FF FF FF FF FF FF 00 00 20 45 00 00 00 C5 98 7E 00 00 98 7E 00 00 
0x00, prev: 0xE7: 19 61 65 70 68 E7 9A [00] 00 F3 9A 00 00 12 18 00 03 00 0D 00 FF FF FF FF FF FF FF FF 00 00 20 45 00 00 00 C5 98 7E 00 00 98 7E 00 00 16 02 01 00 E7 9A 00 00 F3 9A 00 00 16 01 05 00 E7 9A 00 00 F3 9A 00 00 FD 9A 00 00 09 9B 00 00 13 9B 00 00 1F 9B 00 00 29 9B 00 00 35 9B 00 00 3F 9B 00 00 4B 9B 00 00 12 18 00 03 00 0D 00 FF FF FF FF FF FF FF FF 00 00 20 45 00 00 00 C5 98 7E 00 00 98 7E 00 00 
0xF3, prev: 0x00: 19 61 65 70 68 E7 9A 00 00 [F3] 9A 00 00 12 18 00 03 00 0D 00 FF FF FF FF FF FF FF FF 00 00 20 45 00 00 00 C5 98 7E 00 00 98 7E 00 00 16 02 01 00 E7 9A 00 00 F3 9A 00 00 16 01 05 00 E7 9A 00 00 F3 9A 00 00 FD 9A 00 00 09 9B 00 00 13 9B 00 00 1F 9B 00 00 29 9B 00 00 35 9B 00 00 3F 9B 00 00 4B 9B 00 00 12 18 00 03 00 0D 00 FF FF FF FF FF FF FF FF 00 00 20 45 00 00 00 C5 98 7E 00 00 98 7E 00 00 
0x00, prev: 0xF3: 19 61 65 70 68 E7 9A 00 00 F3 9A [00] 00 12 18 00 03 00 0D 00 FF FF FF FF FF FF FF FF 00 00 20 45 00 00 00 C5 98 7E 00 00 98 7E 00 00 16 02 01 00 E7 9A 00 00 F3 9A 00 00 16 01 05 00 E7 9A 00 00 F3 9A 00 00 FD 9A 00 00 09 9B 00 00 13 9B 00 00 1F 9B 00 00 29 9B 00 00 35 9B 00 00 3F 9B 00 00 4B 9B 00 00 12 18 00 03 00 0D 00 FF FF FF FF FF FF FF FF 00 00 20 45 00 00 00 C5 98 7E 00 00 98 7E 00 00 
        General information
			
			
        
        - name: BNet
 
        - type: Ladder team game (AT/RT)
 
        - host: Battle.net
 
        - saver: brucewillisusa
 
        
map: Mur'gulOasis 
        - players: 8
 
        - length: 26:28
 
        - speed: Fast
 - version: 1.22 W3XP
 - replay type:  Public
 
» download(148 KB)
Players
        team 1 (loser) 
              
              
Mensen (
pink | 28 APM | 521 actions | 18:33)
              
 4 Priestess of the Moon 
 2 Searing Arrows
 2 Trueshot Aura
 
                » actions 
                
                | Assign group hotkey | 34 |  | 
| Basic commands | 126 |  | 
| Build / train | 38 |  | 
| Enter build submenu | 10 |  | 
| Enter hero's abilities submenu | 4 |  | 
| Remove unit from queue | 2 |  | 
| Right click | 15 |  | 
| Select / deselect | 208 |  | 
| Select group hotkey | 69 |  | 
| Use ability | 15 |  | 
                521 total
 » units 
                
                | Wisp | 7 |  | 
| Huntress | 14 |  | 
| Glaive Thrower | 5 |  | 
| Giant Sea Turtle | 1 |  | 
                27 total
 » upgrades
                
                | Strength of the Moon | 1 |  | 
| Moon Armor | 2 |  | 
                3 total
 » buildings
                
                | Hunter's Hall | 1 |  | 
| Altar of Elders | 1 |  | 
| Moon Well | 4 |  | 
| Ancient of War | 2 |  | 
| Tree of Ages | 1 |  | 
                9 total
 » build order
                00:04 Hunter's Hall
00:10 Altar of Elders
01:23 Moon Well
02:20 Ancient of War
02:40 Moon Well
02:53 Ancient of War
03:37 Moon Well
04:46 Moon Well
11:00 Tree of Ages
 
               
              
              
» 
Xtrem-Warrior (
blue | 19 APM | 500 actions | 26:26)
              
 3 Dark Ranger 
 2 Black Arrow
 1 Life Drain
 3 Naga Sea Witch 
 1 Forked Lightning
 2 Frost Arrows
 
                » actions 
                
                | Assign group hotkey | 10 |  | 
| Build / train | 50 |  | 
| Enter build submenu | 23 |  | 
| Enter hero's abilities submenu | 8 |  | 
| Remove unit from queue | 3 |  | 
| Right click | 106 |  | 
| Select / deselect | 229 |  | 
| Select group hotkey | 32 |  | 
| Use ability | 39 |  | 
                500 total
 » units 
                
                | Acolyte | 3 |  | 
| Ghoul | 4 |  | 
| Crypt Fiend | 6 |  | 
| Frost Wyrm | 7 |  | 
                20 total
 » upgrades
                
                | Creature Attack | 1 |  | 
| Creature Carapace | 1 |  | 
| Freezing Breath | 1 |  | 
                3 total
 » buildings
                
                | Altar of Darkness | 1 |  | 
| Ziggurat | 9 |  | 
| Crypt | 1 |  | 
| Graveyard | 1 |  | 
| Tomb of Relics | 1 |  | 
| Halls of the Dead | 1 |  | 
| Sacrificial Pit | 1 |  | 
| Black Citadel | 1 |  | 
| Boneyard | 3 |  | 
| Spirit Tower | 7 |  | 
| Town Hall | 1 |  | 
| Farm | 1 |  | 
                28 total
 » build order
                00:11 Altar of Darkness
00:14 Ziggurat
00:20 Crypt
01:28 Ziggurat
01:44 Graveyard
02:03 Ziggurat
02:46 Ziggurat
02:54 Ziggurat
03:07 Tomb of Relics
04:04 Halls of the Dead
06:37 Sacrificial Pit
06:44 Black Citadel
09:08 Boneyard
09:16 Boneyard
09:21 Boneyard
09:41 Ziggurat
09:47 Ziggurat
10:31 Ziggurat
10:42 Ziggurat
19:25 Spirit Tower
19:37 Spirit Tower
19:53 Town Hall
20:29 Spirit Tower
21:02 Spirit Tower
23:37 Spirit Tower
23:42 Spirit Tower
24:19 Farm
24:42 Spirit Tower
» items
                
                | Scroll of Town Portal | 2 |  | 
| Scroll of Healing | 3 |  | 
| Potion of Healing | 1 |  | 
                6 total
  
               
              
              
» 
fred_staebler (
red | 43 APM | 797 actions | 18:37)
              
 5 Shadow Hunter 
 3 Serpent Ward
 2 Healing Wave
 
                » actions 
                
                | Assign group hotkey | 19 |  | 
| Basic commands | 2 |  | 
| Build / train | 39 |  | 
| Enter build submenu | 12 |  | 
| Enter hero's abilities submenu | 5 |  | 
| Right click | 332 |  | 
| Select / deselect | 203 |  | 
| Select group hotkey | 131 |  | 
| Use ability | 54 |  | 
                797 total
 » units 
                » upgrades
                
                | Armor | 2 |  | 
| Pillage | 1 |  | 
| Ranged Weapons | 2 |  | 
                5 total
 » buildings
                
                | Barracks | 1 |  | 
| Orc Burrow | 4 |  | 
| Altar of Storms | 1 |  | 
| Stronghold | 1 |  | 
| War Mill | 1 |  | 
| Watch Tower | 4 |  | 
| Beastiary | 1 |  | 
                13 total
 » build order
                00:09 Barracks
00:12 Orc Burrow
00:28 Altar of Storms
01:46 Orc Burrow
04:01 Orc Burrow
04:39 Stronghold
05:00 War Mill
06:42 Watch Tower
06:49 Watch Tower
08:10 Watch Tower
09:20 Watch Tower
10:34 Beastiary
11:45 Orc Burrow
 
               
              
              
WalterKovac (
yellow | 41 APM | 813 actions | 19:45)
              
 3 Archmage 
 1 Blizzard
 2 Summon Water Elemental
 
                » actions 
                
                | Basic commands | 6 |  | 
| Build / train | 58 |  | 
| Enter build submenu | 16 |  | 
| Enter hero's abilities submenu | 3 |  | 
| Remove unit from queue | 1 |  | 
| Right click | 484 |  | 
| Select / deselect | 214 |  | 
| Use ability | 31 |  | 
                813 total
 » units 
                
                | Peasant | 10 |  | 
| Footman | 5 |  | 
| Rifleman | 8 |  | 
| Siege Engine | 10 |  | 
| Knight | 7 |  | 
                40 total
 » upgrades
                
                | Gunpowder | 2 |  | 
| Swords | 2 |  | 
| Plating | 2 |  | 
| Lumber Harvesting | 2 |  | 
| Barrage | 1 |  | 
                9 total
 » buildings
                
                | Altar of Kings | 1 |  | 
| Farm | 8 |  | 
| Barracks | 1 |  | 
| Lumber Mill | 1 |  | 
| Blacksmith | 1 |  | 
| Keep | 1 |  | 
| Castle | 1 |  | 
| Workshop | 3 |  | 
                17 total
 » build order
                00:08 Altar of Kings
00:12 Farm
00:20 Barracks
01:00 Farm
01:33 Lumber Mill
01:49 Farm
02:42 Blacksmith
03:41 Keep
04:18 Farm
06:15 Castle
06:23 Workshop
08:29 Workshop
09:29 Workshop
09:34 Farm
10:20 Farm
10:58 Farm
16:04 Farm
» items
                
                | Potion of Lesser Invulnerability | 1 |  | 
| Scroll of Healing | 1 |  | 
                2 total
  
               team 2 (winner) 
              
              
» 
tito.ortiz (
purple | 54 APM | 1422 actions | 26:27)
              
 8 Keeper of the Grove 
 3 Thorns Aura
 3 Entangling Roots
 1 Tranquility
 1 Force of Nature
 
                » actions 
                
                | Assign group hotkey | 7 |  | 
| Basic commands | 140 |  | 
| Build / train | 80 |  | 
| Enter build submenu | 17 |  | 
| Enter hero's abilities submenu | 8 |  | 
| Remove unit from queue | 4 |  | 
| Right click | 333 |  | 
| Select / deselect | 356 |  | 
| Select group hotkey | 439 |  | 
| Use ability | 38 |  | 
                1422 total
 » units 
                
                | Wisp | 21 |  | 
| Huntress | 18 |  | 
| Chimaera | 1 |  | 
| Archer | 1 |  | 
| Hippogryph | 9 |  | 
| Makrura Deepseer | 1 |  | 
| Mur'gul Snarecaster | 1 |  | 
| Makrura Snapper | 1 |  | 
                53 total
 » upgrades
                
                | Strength of the Moon | 3 |  | 
| Moon Armor | 3 |  | 
| Upgrade Moon Glaive | 1 |  | 
| Well Spring | 1 |  | 
| Corrosive Breath | 1 |  | 
| Strength of the Wild | 2 |  | 
| Reinforced Hides | 1 |  | 
                12 total
 » buildings
                
                | Altar of Elders | 1 |  | 
| Moon Well | 8 |  | 
| Hunter's Hall | 2 |  | 
| Ancient of War | 3 |  | 
| Tree of Ages | 2 |  | 
| Tree of Eternity | 1 |  | 
| Ancient of Wind | 2 |  | 
| Chimaera Roost | 2 |  | 
| Ancient Protector | 1 |  | 
| Tree of Life | 1 |  | 
                23 total
 » build order
                00:07 Altar of Elders
00:14 Moon Well
01:14 Hunter's Hall
01:20 Ancient of War
01:27 Ancient of War
02:26 Moon Well
02:28 Moon Well
03:10 Ancient of War
03:15 Moon Well
03:16 Moon Well
03:17 Moon Well
04:16 Hunter's Hall
04:34 Moon Well
05:40 Tree of Ages
05:41 Tree of Ages
06:08 Moon Well
08:22 Tree of Eternity
09:56 Ancient of Wind
11:36 Chimaera Roost
13:10 Chimaera Roost
16:31 Ancient Protector
19:25 Ancient of Wind
21:05 Tree of Life
 
               
              
              
FalseDestiny (
orange | 36 APM | 947 actions | 26:27)
              
 7 Mountain King 
 3 Thunder Clap
 1 Bash
 2 Storm Bolt
 1 Avatar
 
                » actions 
                
                | Assign group hotkey | 4 |  | 
| Basic commands | 22 |  | 
| Build / train | 71 |  | 
| Enter build submenu | 16 |  | 
| Enter hero's abilities submenu | 8 |  | 
| Remove unit from queue | 2 |  | 
| Right click | 488 |  | 
| Select / deselect | 264 |  | 
| Select group hotkey | 9 |  | 
| Use ability | 63 |  | 
                947 total
 » units 
                
                | Peasant | 7 |  | 
| Footman | 44 |  | 
| Giant Sea Turtle | 1 |  | 
| Makrura Snapper | 1 |  | 
| Mur'gul Snarecaster | 1 |  | 
| Makrura Deepseer | 1 |  | 
                55 total
 » upgrades
                » buildings
                
                | Barracks | 2 |  | 
| Altar of Kings | 1 |  | 
| Farm | 11 |  | 
| Lumber Mill | 1 |  | 
| Keep | 1 |  | 
| Castle | 1 |  | 
| Town Hall | 1 |  | 
| Blacksmith | 1 |  | 
                19 total
 » build order
                00:06 Barracks
00:09 Altar of Kings
00:28 Farm
02:08 Farm
02:14 Farm
03:09 Lumber Mill
03:16 Barracks
04:52 Farm
04:56 Farm
05:02 Farm
05:26 Farm
07:30 Keep
07:37 Farm
07:39 Farm
09:41 Farm
10:29 Farm
22:04 Castle
24:10 Town Hall
26:21 Blacksmith
» items
                
                | Scroll of Healing | 1 |  | 
| Periapt of Vitality | 1 |  | 
| Scroll of Protection | 1 |  | 
                3 total
  
               
              
              
brucewillisusa (
teal | 41 APM | 1098 actions | 26:28)
              
 6 Archmage 
 3 Blizzard
 2 Brilliance Aura
 1 Mass Teleport
 
                » actions 
                
                | Assign group hotkey | 55 |  | 
| Basic commands | 27 |  | 
| Build / train | 47 |  | 
| ESC pressed | 5 |  | 
| Enter build submenu | 23 |  | 
| Enter hero's abilities submenu | 7 |  | 
| Give item / drop item | 1 |  | 
| Remove unit from queue | 1 |  | 
| Right click | 293 |  | 
| Select / deselect | 243 |  | 
| Select group hotkey | 339 |  | 
| Select subgroup | 1 |  | 
| Use ability | 56 |  | 
                1098 total
 » units 
                
                | Peasant | 12 |  | 
| Rifleman | 9 |  | 
| Sorceress | 2 |  | 
| Dragonhawk Rider | 9 |  | 
| Priest | 1 |  | 
                33 total
 » upgrades
                
                | Gunpowder | 1 |  | 
| Long Rifles | 1 |  | 
| Cloud | 1 |  | 
                3 total
 » buildings
                
                | Farm | 12 |  | 
| Altar of Kings | 1 |  | 
| Blacksmith | 1 |  | 
| Barracks | 2 |  | 
| Keep | 1 |  | 
| Arcane Sanctum | 2 |  | 
| Lumber Mill | 1 |  | 
| Arcane Vault | 1 |  | 
| Gryphon Aviary | 2 |  | 
| Castle | 1 |  | 
                24 total
 » build order
                10:36 Farm
10:48 Altar of Kings
11:11 Blacksmith
11:52 Farm
12:02 Barracks
12:14 Barracks
12:18 Farm
13:26 Farm
13:28 Farm
14:00 Keep
14:02 Farm
15:49 Farm
16:29 Farm
16:30 Farm
16:32 Arcane Sanctum
17:06 Arcane Sanctum
17:55 Lumber Mill
18:05 Arcane Vault
18:25 Gryphon Aviary
18:27 Gryphon Aviary
18:35 Farm
19:40 Farm
21:42 Farm
23:56 Castle
 
               
              
              
» 
alandahoof (
green | 55 APM | 1467 actions | 26:27)
              
 8 Paladin 
 3 Devotion Aura
 3 Holy Light
 1 Resurrection
 1 Divine Shield
 4 Dark Ranger 
 2 Black Arrow
 2 Silence
 
                » actions 
                
                | Assign group hotkey | 43 |  | 
| Basic commands | 3 |  | 
| Build / train | 60 |  | 
| Enter build submenu | 29 |  | 
| Enter hero's abilities submenu | 12 |  | 
| Remove unit from queue | 1 |  | 
| Right click | 738 |  | 
| Select / deselect | 421 |  | 
| Select group hotkey | 101 |  | 
| Use ability | 59 |  | 
                1467 total
 » units 
                
                | Peasant | 10 |  | 
| Footman | 7 |  | 
| Rifleman | 8 |  | 
| Priest | 7 |  | 
| Sorceress | 2 |  | 
                34 total
 » upgrades
                
                | Gunpowder | 3 |  | 
| Priest Training | 2 |  | 
| Long Rifles | 1 |  | 
| Sorceress Training | 2 |  | 
| Armor | 1 |  | 
                9 total
 » buildings
                
                | Altar of Kings | 2 |  | 
| Farm | 21 |  | 
| Barracks | 2 |  | 
| Lumber Mill | 1 |  | 
| Keep | 1 |  | 
| Blacksmith | 1 |  | 
| Castle | 1 |  | 
| Arcane Sanctum | 2 |  | 
                31 total
 » build order
                00:12 Altar of Kings
00:31 Farm
00:41 Barracks
01:18 Farm
01:24 Farm
02:36 Farm
03:27 Lumber Mill
04:23 Keep
04:59 Blacksmith
05:24 Farm
07:00 Farm
08:44 Castle
08:49 Farm
09:00 Arcane Sanctum
09:08 Arcane Sanctum
11:50 Farm
11:56 Farm
14:21 Farm
14:24 Farm
14:26 Farm
14:27 Farm
14:29 Farm
16:35 Farm
16:35 Farm
16:39 Farm
16:40 Farm
17:34 Barracks
18:44 Farm
19:10 Altar of Kings
19:27 Farm
19:29 Farm
 
                Chat log
          (00:20 / Allies) FalseDestiny: rush kthx
(00:48 / Allies) FalseDestiny: guys
(00:51 / Allies) alandahoof: sup
(00:54 / Allies) FalseDestiny: what are you getting
(00:55 / Allies) alandahoof: deagle
(00:56 / Allies) alandahoof: units
(00:57 / Allies) alandahoof: prolly
(01:02 / Allies) alandahoof: might build farms
(01:03 / Allies) alandahoof: not sure
(01:06 / Allies) FalseDestiny: rush or counter
(01:07 / Allies) brucewillisusa: LOL
(01:25 / Allies) brucewillisusa: wtf is up with my supplies
(01:29 / Allies) brucewillisusa: they are staying at 0
(01:41 / Allies) FalseDestiny: Um
(01:42 / Allies) tito.ortiz: im getting a constant stream of gold from u
(01:42 / Allies) FalseDestiny: Idk
(01:47 / Allies) tito.ortiz: i did nothing
(01:47 / Allies) brucewillisusa: ???
(01:48 / Allies) alandahoof: lol at massing peasants
(01:53 / Allies) FalseDestiny: Wtf
(01:57 / Allies) alandahoof: lol
(01:57 / Allies) FalseDestiny: Teal is glitched
(01:58 / Allies) alandahoof: wtf
(02:00 / Allies) brucewillisusa: i see the +10s
(02:01 / All) alandahoof: ;e;
(02:03 / Allies) brucewillisusa: when they turn it in
(02:03 / Allies) alandahoof: yeah
(02:06 / Allies) brucewillisusa: but its gone right away
(02:08 / Allies) tito.ortiz: my screen is coverd with reviving gold from brucewillis
(02:08 / Allies) alandahoof: i see u gaining gold/wood
(02:10 / Allies) alandahoof: theni t does away
(02:17 / Allies) alandahoof: holy shit
(02:18 / Allies) alandahoof: purple
(02:19 / Allies) alandahoof: build
(02:21 / Allies) alandahoof: massive units
(02:22 / Allies) alandahoof: asap
(02:23 / Allies) alandahoof: rocfl
(02:24 / Allies) alandahoof: ahah
(02:25 / Allies) alandahoof: wtf
(02:37 / Allies) brucewillisusa: purple can u give me some?
(02:43 / Allies) brucewillisusa: since its goign to you
(02:46 / Allies) alandahoof: hahah
(02:48 / Allies) alandahoof: it all went back
(02:48 / Allies) tito.ortiz: it came right back to me
(02:51 / Allies) alandahoof: purple
(02:51 / Allies) brucewillisusa: WTF
(02:52 / Allies) alandahoof: build
(02:53 / Allies) alandahoof: untis
(02:55 / Allies) alandahoof: BUILD UNITS
(02:58 / Allies) tito.ortiz: im to busy laughing
(03:01 / Allies) alandahoof: BUILD MASSIVE SHIT
(03:02 / Allies) alandahoof: LOL
(03:05 / Allies) brucewillisusa: make like 20 moonbwells
(03:06 / Allies) brucewillisusa: and 3 aows
(03:11 / All) alandahoof: purple will have an epic army
(03:13 / All) alandahoof: LPOLOL
(03:17 / Allies) alandahoof: don't tell them
(03:30 / Allies) tito.ortiz: this is fucked up
(03:30 / All) fred_staebler: niiice
(03:31 / Allies) FalseDestiny: Wtf is up with real though
(03:35 / Allies) FalseDestiny: Thats fucking gay
(03:35 / Allies) alandahoof: just build purople
(03:37 / Allies) tito.ortiz: i did nothing
(03:39 / Allies) alandahoof: a huge army
(03:41 / Allies) tito.ortiz: why would i hack a teammate
(03:45 / Allies) brucewillisusa: i wish i could at least make a hero
(03:53 / Allies) alandahoof: lol teal
(03:54 / Allies) alandahoof: i feel bad
(03:55 / Allies) FalseDestiny: well um teal
(04:01 / Allies) brucewillisusa: just spend it all
(04:02 / Allies) FalseDestiny: ill be taking teals creeps then
(04:05 / Allies) brucewillisusa: and ull have 2 armies
(04:16 / Allies) FalseDestiny: No we wont
(04:19 / Allies) FalseDestiny: well get less food
(04:22 / Allies) FalseDestiny: 300 vs 200
(04:32 / Allies) FalseDestiny: Teal
(04:35 / Allies) alandahoof: teal u dan prolly leave
(04:37 / Allies) alandahoof: errr
(04:37 / Allies) alandahoof: can
(04:45 / Allies) brucewillisusa: not that i know of
(04:49 / Allies) FalseDestiny: are we rushing or what
(04:57 / Allies) brucewillisusa: yeah all meet at purple
(05:21 / Allies) brucewillisusa: u shoudl hit now
(05:24 / Allies) brucewillisusa: since we have a lot of tier 1
(05:27 / Allies) brucewillisusa: maybe they teched
(06:02 / Allies) tito.ortiz: il go whenever
(06:07 / Allies) alandahoof: omg
(06:08 / Allies) alandahoof: lets go
(06:08 / Allies) alandahoof: now
(06:12 / Allies) alandahoof: go 2 purple
(06:12 / Allies) tito.ortiz: meet where
(06:16 / Allies) tito.ortiz: come to me
(06:30 / All) alandahoof: hahaha
(06:32 / Allies) brucewillisusa: if they did tech they will get air
(06:33 / Allies) alandahoof: tech 
(06:34 / Allies) alandahoof: fast
(06:36 / Allies) alandahoof: 2 w/e u can
(06:40 / Allies) brucewillisusa: send all these too
(06:43 / Allies) brucewillisusa: more hunts
(06:47 / Allies) alandahoof: orange
(06:49 / Allies) alandahoof: come asap
(06:51 / Allies) brucewillisusa: gogogo
(07:06 / Allies) brucewillisusa: orange go with them
(07:07 / Allies) alandahoof: lel
(07:12 / Allies) brucewillisusa: tehy teched
(07:13 / Allies) FalseDestiny: Guys wtf
(07:13 / All) alandahoof: got them hunts
(07:15 / Allies) FalseDestiny: i wasnt here
(07:27 / Allies) FalseDestiny: Thanks alto guys -_-
(07:53 / Allies) brucewillisusa: damn fiends
(08:08 / Allies) brucewillisusa: keep spending all ur gold
(08:09 / Allies) brucewillisusa: get rifles next
(08:23 / Allies) alandahoof: move orange
(08:45 / Allies) FalseDestiny: Back
(08:45 / Allies) brucewillisusa: damn fiends saved the day
(09:25 / Allies) brucewillisusa: hit bottom?
(09:31 / Allies) tito.ortiz: finish red
(09:38 / Allies) brucewillisusa: he had those gay towers
(09:39 / Allies) alandahoof: what u getting purple
(09:40 / Allies) alandahoof: ?
(09:41 / Allies) brucewillisusa: and his base was all blocked in
(09:49 / Allies) tito.ortiz: for now, hunts
(09:55 / Allies) alandahoof: nah
(09:57 / Allies) alandahoof: get something better
(10:01 / Allies) brucewillisusa: maybe if i stop getting gold it will stop
(10:01 / Allies) tito.ortiz: chims next
(10:16 / Allies) FalseDestiny: Ill continue to make my meanshield
(10:23 / Allies) brucewillisusa: there it stopped
(10:26 / Allies) tito.ortiz: lol
(10:27 / Allies) brucewillisusa: weird
(10:30 / Allies) tito.ortiz: so weird
(10:43 / Allies) FalseDestiny: Is it cool
(10:49 / Allies) FalseDestiny: If I tell blizzard abotu it?
(10:53 / Allies) brucewillisusa: sure
(10:56 / Allies) brucewillisusa: i didnt do anything
(10:58 / Allies) brucewillisusa: it just hapened
(10:59 / Allies) tito.ortiz: ya
(11:03 / Allies) brucewillisusa: save replay
(11:28 / Allies) alandahoof: we need alot of aa
(11:29 / Allies) alandahoof: asap
(11:36 / Allies) alandahoof: orange get gryphons
(11:39 / Allies) alandahoof: if u can
(11:43 / Allies) brucewillisusa: or hawks
(11:46 / Allies) FalseDestiny: I can try
(11:59 / Allies) FalseDestiny: But gryphs arent aa
(12:23 / Allies) FalseDestiny: Comin
(12:29 / Allies) brucewillisusa: better tp
(12:59 / Allies) brucewillisusa: get the tanks then counter
(13:04 / Allies) brucewillisusa: we still need aa bad
(13:16 / Allies) alandahoof: fuck mne
(13:17 / Allies) alandahoof: man
(13:30 / Allies) FalseDestiny: Dont
(13:36 / Allies) FalseDestiny: purps chims will kill
(14:05 / Allies) alandahoof: fuck them
(14:06 / Allies) alandahoof: asap
(14:10 / Allies) alandahoof: teal
(14:12 / Allies) alandahoof: u have gold now?
(14:12 / Allies) brucewillisusa: kill wells
(14:14 / Allies) alandahoof: haha
(14:38 / Allies) brucewillisusa: fuck
(14:40 / Allies) brucewillisusa: rifles kill wyrms
(14:58 / Allies) FalseDestiny: Yeah
(14:58 / Allies) brucewillisusa: everyone get ranged
(15:00 / Allies) brucewillisusa: so we can kill air
(15:02 / Allies) FalseDestiny: mk is godly at killing heroes
(15:19 / Allies) brucewillisusa: purp i gave u my tp
(15:33 / Allies) brucewillisusa: rep[air ur main
(15:34 / Allies) brucewillisusa: fast
(16:01 / Allies) FalseDestiny: hit
(16:03 / Allies) brucewillisusa: come purp
(16:06 / Allies) brucewillisusa: we need to be all together
(16:07 / Allies) alandahoof: fuck them up
(16:08 / Allies) alandahoof: guys
(16:12 / Allies) brucewillisusa: especially with ur ultimate
(17:01 / Allies) brucewillisusa: gay
(17:07 / Allies) alandahoof: im going
(17:08 / Allies) alandahoof: slow
(17:09 / Allies) alandahoof: but im going
(17:12 / Allies) alandahoof: just
(17:14 / Allies) FalseDestiny: Keep killing yellow
(17:14 / Allies) alandahoof: kill thier basases
(17:26 / Allies) brucewillisusa: repair ur main
(17:43 / Allies) alandahoof: repair it
(17:44 / Allies) FalseDestiny: WHy did you leave that
(18:40 / Allies) FalseDestiny: Mountain knig is a hardcore anti-land unit guy
(18:40 / All) tito.ortiz: gg
(18:52 / Allies) brucewillisusa: we need to group up
(18:55 / Allies) brucewillisusa: to take on the undead
(19:00 / Allies) brucewillisusa: he could have a lot of bone dragons
(19:59 / Allies) FalseDestiny: Guys comeon
(20:00 / Allies) brucewillisusa: heal up
(20:06 / Allies) brucewillisusa: im getting hawks
(20:45 / Allies) brucewillisusa: yikes
(21:54 / Allies) brucewillisusa: ok clear middle then attack
(22:02 / Allies) FalseDestiny: Thanks alot guys
(22:08 / Allies) brucewillisusa: we couldnt take that yet
(22:10 / Allies) brucewillisusa: too many dragons
(22:23 / Allies) brucewillisusa: last one then hit
(22:30 / Allies) brucewillisusa: i can web his dragons
(22:36 / Allies) alandahoof: hit red
(22:39 / Allies) brucewillisusa: k
(22:42 / Allies) FalseDestiny: Dont bother
(22:46 / Allies) alandahoof: why
(22:47 / Allies) alandahoof: ill shit on him
(22:50 / Allies) alandahoof: we all win
(22:51 / Allies) alandahoof: will
(23:12 / All) alandahoof: yo
(23:14 / All) alandahoof: nice towers
(24:36 / Allies) brucewillisusa: all gather now
(25:06 / All) alandahoof: sup dog
(25:11 / All) brucewillisusa: yeah sup
(25:21 / Allies) tito.ortiz: cloud towers
(25:24 / Allies) brucewillisusa: dont have
(25:32 / Allies) brucewillisusa: need castle first
(25:48 / All) brucewillisusa: sup bone dragons
(26:15 / Allies) FalseDestiny: I got it